cohdb
Replays
Latest Replays
All Replays
Popular Replays
Top Player Replays
Match Explorer
How It Works
Community
CoH3 Stats
Reddit
Sign in to upload your games and track your stats! →
Sign in with Steam
Match 42564099
Unlisted
Match 42564099
Overview
Messages
Build Orders
End
Vickers Machine Gun Team
Construct Section Command Post
Selects Canadian Shock Battlegroup
ML 3-inch Mortar Team
Selects Attacking Spirit
Selects Canadian Shock Section
Canadian Shock Section
Construct Platoon Command Post
Selects Incendiary Munitions
Humber Armored Car
Canadian Shock Section
Selects Pyrotechnics
Construct Company Command Post
Unlock M3 Grant Medium Tanks
M3 Grant Medium Tank
CMP 15cwt Truck
Unlock Bishop Self-propelled Artillery
Royal Engineer Section
Selects Churchill Crocodile Heavy Tank
Churchill Crocodile Heavy Tank
Selects Smoke Operation
Selects Point Assault
Muell0r
killall
TidaL
deepcakee
WSE4E
AnS
TEA OR STH STRONGER
This game made me racer. F CH*NA
0
0
Comments
sign in to comment!
No comments posted yet!